 Dungeon Crawl Stone Soup version 0.27-a0-1123-g2f9bb313c0 (webtiles) character file.

Game seed: 10894394463391481507

93 Zeld the Skirmisher (level 4, 0/31 HPs)
             Began as an Octopode Fighter on May 4, 2021.
             Slain by an orc
             ... wielding a +0 hand axe
              (1 damage)
             ... on level 7 of the Dungeon.
             The game lasted 00:02:54 (3037 turns).

Zeld the Skirmisher (Octopode Fighter)              Turns: 3037, Time: 00:02:55

Health: 0/31       AC:  1    Str: 16    XL:     4   Next: 61%
Magic:  4/4        EV: 11    Int: 10    God:
Gold:   85         SH:  0    Dex: 11    Spells: 3/3 levels left

rFire    . . .     SeeInvis .   a - +0 war axe
rCold    . . .     Faith    .   b - +0 kite shield
rNeg     . . .     Spirit   .   (helmet restricted)
rPois    .         Reflect  .   (no amulet)
rElec    .         Harm     .   (no ring)
rCorr    .         Rampage  .   (no ring)
Will     .....                  (no ring)
Stlth    ++........             (no ring)
HPRegen  0.10/turn              (no ring)
MPRegen  0.09/turn              (no ring)
                                (no ring)
                                (no ring)

@: confused, lethally poisoned (0 -> -14)
A: almost no armour, amphibious, 8 rings, camouflage 1, gelatinous body 1,
(nimble swimmer 1), tentacles
a: no special abilities


You were on level 7 of the Dungeon.
You visited 1 branch of the dungeon, and saw 5 of its levels.

You collected 85 gold pieces.

Inventory:

Hand Weapons
 a - a +0 war axe (weapon)
Missiles
 i - 4 boomerangs (quivered)
Armour
 b - a +0 kite shield (worn)
Scrolls
 e - 2 scrolls of teleportation {unknown}
 f - a scroll of enchant armour {unknown}
 g - a scroll of enchant weapon {unknown}
 h - 2 scrolls of identify {unknown}
 j - a scroll of vulnerability {unknown}
 k - a scroll of torment {unknown}
 l - a scroll of fear {unknown}
 m - a scroll of holy word {unknown}
 n - a scroll of amnesia {unknown}
Potions
 c - a potion of might
 d - 2 potions of mutation {unknown}


   Skills:
 - Level 3.3 Fighting
 - Level 2.5 Axes
 * Level 3.0 Throwing
 - Level 3.0 Dodging
 - Level 3.3 Shields


You had 3 spell levels left.
You didn't know any spells.
Your spell library was empty.

Dungeon Overview and Level Annotations

Branches:
Dungeon (4/15)
 Temple: D:4-7

Altars:
Dithmenos

Shops:
D:3 [


Innate Abilities, Weirdness & Mutations

You cannot wear most types of armour.
You are amphibious.
You can wear up to eight rings at the same time.
Your skin changes colour to match your surroundings (Stealth+).
Your rubbery body absorbs attacks. (AC +1, EV +1)
((You are camouflaged near water. (Stealth+)))
You have tentacles for arms and can constrict up to eight enemies at once.


Message History

The orc wizard shouts!
You slash the orc!
You kill the orc!
You hit the orc but do no damage. You block the orc's attack.
You barely miss the orc. You grab the orc.
You constrict the orc, but do no damage.
The orc hits you with a +0 mace. The orc wizard casts a spell at you.
You are confused.
The orc hits you with a +0 mace.
You are too confused!
Unknown command.
Unknown command.
You are too confused!
You are too confused!
Unknown command.
Unknown command.
You hit the orc wizard.
The orc wizard is lightly wounded.
You hit the orc. You barely miss the orc. You constrict the orc.
The orc hits you with a +0 club. The orc hits you with a +0 mace.
The orc wizard hits you with a +0 dagger of venom.
The orc hits you with a +0 club.
Unknown command.
You hit the orc.
You kill the orc!
You hit the orc wizard. You closely miss the orc.
The orc wizard hits you with a +0 dagger of venom.
You are poisoned.
The orc wizard hits you with a +0 dagger of venom.
You are more poisoned.
Your Throwing skill increases to level 3!
You barely miss the orc. Your squeeze misses the orc. You miss the orc wizard.
You barely miss the orc.
* * * LOW HITPOINT WARNING * * *
You feel very sick. The orc hits you with a +0 club.
* * * LOW HITPOINT WARNING * * *
The orc hits you with a +0 hand axe.
You die...

..#########.#
..#...o@....#
..#...oo..#.#
..#.......#
..#######.# .
.# .# #


You could see an orc wizard and 2 orcs.

Vanquished Creatures
  An adder (D:2)
  A dart slug (D:2)
  8 orcs
  6 ball pythons
  4 bats
  10 endoplasms
  4 giant cockroaches
  7 goblins
  6 hobgoblins
  A jackal (D:3)
  2 quokkas
  7 frilled lizards
  7 kobolds
  4 rats
68 creatures vanquished.

Notes
Turn   | Place    | Note
-------+----------+-------------------------------------------
     0 | D:1      | Zeld the Octopode Fighter began the quest for the Orb.
     0 | D:1      | Reached XP level 1. HP: 16/16 MP: 1/1
   109 | D:1      | Reached XP level 2. HP: 21/21 MP: 2/2
   930 | D:1      | Found a faded altar of an unknown god.
  1013 | D:1      | Reached XP level 3. HP: 23/26 MP: 3/3
  1343 | D:2      | Reached skill level 1 in Throwing
  1897 | D:2      | Reached XP level 4. HP: 18/31 MP: 4/4
  2608 | D:3      | Found Xiyblorph's Armour Shop.
  3012 | D:4      | Found a shadowy altar of Dithmenos.
  3032 | D:4      | Noticed a scorpion
  3032 | D:4      | You fall into a shaft and drop 3 floors!
  3037 | D:7      | HP: 1/31 [orc/+0 club (3)]
  3037 | D:7      | Slain by an orc

Illustrated notes

Levels and vault maps discovered:
D:1:      elethiomel_arrival_infinity_welcomes_careful_drivers, layout_basic,
          shapermc_ecumenical_altar_starsandcircs
D:2:      layout_loops_ring, minmay_3d_cube
D:3:      layout_loops_ring, zin_angel, serial_shops, shop, minmay_distorted
D:4:      layout_cave_pods, grunt_qazlal_clouds, lemuel_doored_altar,
          slow_altar_2, gup_sewer_entry_spiral
D:7:      layout_rooms, gammafunk_temple_overflow_forgotten,
          minmay_temple_entry_wispy, serial_co_window_serial,
          co_window_of_opportunity_a, co_window_paths_b, co_window_paths_a,
          co_window_paths_a, co_window_paths_b, co_window_corner_cb,
          co_window_of_opportunity_b, co_window_paths_c, co_window_2corner,
          co_window_corner_cb, co_window_broadway_c, co_window_cross_3,
          co_window_sun, glass_columns_a, glass_columns_a, corexii_corridor_pit

Skill      XL: |  1  2  3  4 |
---------------+-------------+-----
Throwing       | 2 3 |  3.0
Fighting       | |  3.3
Axes           | |  2.5
Dodging        | |  3.0
Shields        | |  3.3

Action                   |  1- 3 |  4- 6 || total
-------------------------+-------+-------++-------
Melee: War axe           |    79 |    38 ||   117
       Constrict         |    15 |    12 ||    27
       Tentacles         |     7 |     5 ||    12
 Stab: Sleeping          |     3 |     4 ||     7
Armor: Skin              |     5 |     5 ||    10
Dodge: Dodged            |    26 |    24 ||    50
Block: Kite shield       |    40 |    20 ||    60

Table legend: (Time is in decaauts)
 A = Elapsed time spent in this place.
 B = Non-inter-level travel time spent in this place.
 C = Inter-level travel time spent in this place.
 D = Time resting spent in this place.
 E = Time spent auto-exploring this place.
 F = Levels seen in this place.
 G = Mean time per level.
                   A        B        C        D        E       F      G
               +--------+--------+--------+--------+--------+-----+--------+
         Total |   3107 |   3054 |     53 |    152 |   2411 |   5 |  621.4 |
       Dungeon |   3107 |   3054 |     53 |    152 |   2411 |   5 |  621.4 |
               +--------+--------+--------+--------+--------+-----+--------+

Top non-repeatable levels by time:
     D:1: 1252 daAuts
     D:2: 1207 daAuts
     D:3: 464 daAuts
     D:4: 176 daAuts
     D:7: 7 daAuts
